 Dungeon Sprint DCSS version 0.29-a0-88-g03a7b78be7 (webtiles) character file.

Game seed: 10376099434261448960

13821 123456 the Warrior (level 11, -19/126 HPs)
             Began as a Minotaur Fighter on Feb 5, 2022.
             Was the Champion of Okawaru.
             Killed from afar by an orc sorcerer (30 damage)
             ... with a bolt of fire
             ... while paralysed by an orc sorcerer
             ... in the Dungeon (Sprint IX: "|||||||||||||||||||||||||||||").
             The game lasted 00:02:44 (2131 turns).

123456 the Warrior (Minotaur Fighter)               Turns: 2131, Time: 00:02:45

Health: -19/126    AC:  5    Str: 27    XL:     11   Next: 80%
Magic:  10/10      EV:  2    Int:  5    God:    Okawaru [******]
Gold:   1280       SH:  0    Dex: 14    Spells: 10/10 levels left

rFire   . . .      SeeInvis .   q - +0 great mace (protect)
rCold   . . .      Faith    .   (shield currently unavailable)
rNeg    . . .      Spirit   .   c - +1 chain mail
rPois   .          Reflect  .   (helmet restricted)
rElec   .          Harm     .   t - +0 cloak
rCorr   .          Rampage  .   (no gloves)
Will    .....      NoTele   +   u - +0 pair of boots
Stlth   ..........              (no amulet)
HPRegen 0.31/turn               o - +3 ring of strength
MPRegen 0.12/turn               p - +3 ring of strength

@: paralysed, lethally poisoned (-19 -> -29), corroded
A: horns 2, retaliatory headbutt
a: Renounce Religion, Heroism, Finesse


You were in the Dungeon.
You worshipped Okawaru.
Okawaru was exalted by your worship.
You visited 1 branch You collected 1280 gold pieces.

Inventory:

Hand Weapons
 a - a +0 flail
 n - a +4 dire flail of holy wrath
 q - a +0 great mace of protection (weapon)
Armour
 b - a +0 scale mail
 c - a +1 chain mail (worn)
 t - a +0 cloak (worn)
 u - a +0 pair of boots (worn)
Jewellery
 o - a +3 ring of strength (left hand)
 p - a +3 ring of strength (right hand)
Wands
 m - a wand of iceblast (10)
Scrolls
 j - 3 scrolls of blinking
 l - 2 scrolls of amnesia
 r - 2 scrolls of fog
 s - 2 scrolls of identify
Potions
 d - 4 potions of might
 e - 5 potions of curing
 f - 2 potions of resistance
 g - a potion of haste
 h - 5 potions of magic
 i - 2 potions of berserk rage
 k - a potion of invisibility


   Skills:
 * Level 20.7 Fighting
 * Level 20.4 Maces & Flails
 + Level 15.1 Armour
 + Level 13.5 Dodging
 - Level 3.6 Shields


You had 10 spell levels left.
You didn't know any spells.
Your spell library contained the following spells:

 Spells                   Type           Power      Damage    Failure   Level
 Magic Dart               Conj           0%         1d3       88%         1
 Searing Ray              Conj           0%         2d4       96%         2
 Fulminant Prism          Conj/Hex       0%         3d6       100%        4


Dungeon Overview and Level Annotations

Branches:
Dungeon (1/1)

Altars:
Cheibriados
Dithmenos
Elyvilon
Fedhas
Gozag
Hepliaklqana
Kikubaaqudgha
Makhleb
Nemelex Xobeh
Okawaru
Qazlal
Ru
Sif Muna
Trog
Uskayaw
Vehumet
Wu Jian
Xom
Yredelemnul
Zin
The Shining One
Beogh
Jiyva
Lugonu

Shops:
D **=


Innate Abilities, Weirdness & Mutations

You have a pair of horns on your head.
You reflexively headbutt those who attack you in melee.


Message History

The ynoxinul is heavily wounded.
The orc sorcerer shouts, "You are history!"
The ynoxinul gestures at you. The iron shot hits you!!
You beat the ynoxinul like a drum!!!
You kill the ynoxinul!
The ynoxinul disappears in a puff of smoke!
The orc sorcerer casts a spell.
Deactivating autopickup; reactivate with Ctrl-A.
You flatten something like a pancake!!! Okawaru accepts your kill.
Reactivating autopickup.
You feel a bit more experienced.
Found Mest's General Store.
The orc sorcerer points at you and mumbles some strange words.
The bolt of fire hits you!!
* * * LOW HITPOINT WARNING * * *
Items here: $ )))) [[[[ ††.
An orc wizard comes into view. It is wielding a +0 dagger.
The orc wizard shouts!
The orc sorcerer casts a spell at you.
You suddenly lose the ability to move!
The red devil hits you but does no damage.
The orc sorcerer hits you with a +1 dagger of venom.
* * * LOW HITPOINT WARNING * * *
You are poisoned.
The orc wizard casts a spell.
The orc wizard flickers and vanishes!
Deactivating autopickup; reactivate with Ctrl-A.
The red devil hits you but does no damage.
You feel sick.
The red devil disappears in a puff of smoke!
The orc sorcerer hits you but does no damage.
You are more poisoned.
* * * LOW HITPOINT WARNING * * *
You feel very sick.
An orc wizard comes into view. It is wielding a +1 dagger of venom.
The orc sorcerer gestures at you while chanting.
The bolt of fire hits you!!
You die...

▓[▓.▓(▓.▓
▓'▓.▓.▓.▓o▓
▓.▓.▓.▓.▓∩▓
▓.▓.▓.▓.▓.▓
▓.▓.▓.▓.▓∩▓
▓[▓.▓.▓.▓.▓
▓[▓.▓.▓.▓4▓
▓.▓.▓.▓.▓o▓
▓[▓.▓.▓.▓@▓
▓.▓.▓.▓.▓)▓
▓.▓.▓.▓.▓)▓
▓'▓.▓†▓.▓)▓
▓_▓.▓.▓.▓)▓
▓_▓.▓.▓.▓.▓
▓_▓.▓.▓.▓.▓
▓_▓.▓.▓.▓.▓
▓_▓.▓÷▓.▓.▓


You could see a chaos spawn (summoned), an orc sorcerer and an orc wizard
(wandering).

Vanquished Creatures
  2 centaur warriors (D)
  A tengu warrior (D)
  An orc high priest (D)
  2 orc knights (D)
  7 orc sorcerers (D)
  9 elephants (D)
  A cyclops (D)
  2 cane toads (D)
  A gargoyle (D)
  A black mamba (D)
  2 komodo dragons (D)
  A troll (D)
  3 wyverns (D)
  2 yaks (D)
  A vampire mosquito (D)
  An acid dragon (D)
  5 water moccasins (D)
  5 orc warriors (D)
  4 bullfrogs (D)
  A scorpion (D)
  An orc priest (D)
  A hound (D)
  An iguana (D)
  7 orc wizards (D)
  A gnoll (D)
  9 orcs (D)
  2 ball pythons (D)
  A bat zombie (D)
  An endoplasm (D)
  A quokka (D)
  A ball python skeleton (D)
  A quokka zombie (D)
  A rat (D)
80 creatures vanquished.

Notes
Turn   | Place    | Note
-------+----------+-------------------------------------------
     0 | D        | 123456 the Minotaur Fighter began the quest for the Orb.
     0 | D        | Reached XP level 1. HP: 19/19 MP: 0/0
     7 | D        | Reached skill level 1 in Dodging
    52 | D        | Noticed a hound
    52 | D        | Noticed an iguana
    52 | D        | Noticed a scorpion
    60 | D        | Reached skill level 5 in Fighting
    60 | D        | Reached XP level 2. HP: 26/29 MP: 1/1
    64 | D        | Killed a scorpion
    65 | D        | Reached skill level 5 in Armour
    65 | D        | Reached XP level 3. HP: 19/38 MP: 2/2
    65 | D        | Reached XP level 4. HP: 23/45 MP: 3/3
   272 | D        | Found a snail-covered altar of Cheibriados.
   272 | D        | Found a shadowy altar of Dithmenos.
   272 | D        | Found a white marble altar of Elyvilon.
   272 | D        | Found a blossoming altar of Fedhas.
   272 | D        | Found an opulent altar of Gozag.
   273 | D        | Found a hazy altar of Hepliaklqana.
   274 | D        | Found a viscous altar of Jiyva.
   275 | D        | Found an ancient bone altar of Kikubaaqudgha.
   276 | D        | Found a corrupted altar of Lugonu.
   277 | D        | Found a burning altar of Makhleb.
   278 | D        | Found a sparkling altar of Nemelex Xobeh.
   279 | D        | Found an iron altar of Okawaru.
   280 | D        | Found a stormy altar of Qazlal.
   281 | D        | Found a sacrificial altar of Ru.
   282 | D        | Found a shimmering blue altar of Sif Muna.
   283 | D        | Found a bloodstained altar of Trog.
   284 | D        | Found a hide-covered altar of Uskayaw.
   285 | D        | Found a radiant altar of Vehumet.
   286 | D        | Found an ornate altar of the Wu Jian Council.
   287 | D        | Found a shimmering altar of Xom.
   293 | D        | Became a worshipper of Warmaster Okawaru
   297 | D        | Found a basalt altar of Yredelemnul.
   298 | D        | Found a glowing silver altar of Zin.
   299 | D        | Found a glowing golden altar of the Shining One.
   344 | D        | Noticed a wyvern
   344 | D        | Noticed an acid dragon
   344 | D        | Noticed a vampire mosquito
   344 | D        | Noticed a yak
   348 | D        | Killed a yak
   348 | D        | Reached * piety under Okawaru
   349 | D        | Reached skill level 5 in Dodging
   349 | D        | Reached XP level 5. HP: 52/57 MP: 4/4
   349 | D        | Reached XP level 6. HP: 58/64 MP: 5/5
   349 | D        | Killed a vampire mosquito
   350 | D        | Reached skill level 10 in Fighting
   350 | D        | Reached skill level 10 in Maces & Flails
   521 | D        | Killed an acid dragon
   525 | D        | Killed a wyvern
   525 | D        | Reached ** piety under Okawaru
   526 | D        | Reached XP level 7. HP: 58/74 MP: 6/6
   604 | D        | Noticed a tengu warrior
   604 | D        | Noticed a troll
   604 | D        | Noticed a cyclops
   604 | D        | Noticed a centaur warrior
   604 | D        | Noticed a gargoyle
   604 | D        | Noticed a centaur warrior
   609 | D        | Killed a centaur warrior
   610 | D        | Reached XP level 8. HP: 32/86 MP: 7/7
   615 | D        | HP: 4/86 [gargoyle/stone arrow (15)]
   619 | D        | Killed a gargoyle
   619 | D        | Reached *** piety under Okawaru
   620 | D        | Reached skill level 10 in Armour
   621 | D        | HP: 3/88 [centaur warrior/arrow (15)]
   624 | D        | Killed a centaur warrior
   625 | D        | Reached XP level 9. HP: 4/96 MP: 8/8
   632 | D        | Killed a cyclops
   633 | D        | Reached skill level 15 in Fighting
   634 | D        | Killed a troll
   635 | D        | Reached skill level 15 in Maces & Flails
   643 | D        | Killed a tengu warrior
   643 | D        | Reached **** piety under Okawaru
   644 | D        | Reached skill level 10 in Dodging
  1119 | D        | Noticed a black mamba
  1121 | D        | Killed a black mamba
  1121 | D        | Noticed a komodo dragon
  1130 | D        | Noticed a cane toad
  1141 | D        | Reached XP level 10. HP: 104/108 MP: 9/9
  1149 | D        | Killed a cane toad
  1170 | D        | Noticed a cane toad
  1175 | D        | Reached ***** piety under Okawaru
  1179 | D        | Noticed an elephant
  1193 | D        | Killed a cane toad
  1198 | D        | Killed an elephant
  1326 | D        | Noticed an elephant
  1326 | D        | Noticed an elephant
  1326 | D        | Noticed an elephant
  1326 | D        | Noticed an elephant
  1326 | D        | Noticed an elephant
  1326 | D        | Noticed an elephant
  1334 | D        | Killed an elephant
  1337 | D        | Killed an elephant
  1337 | D        | Received a gift from Okawaru
  1340 | D        | Noticed an elephant
  1347 | D        | Killed an elephant
  1354 | D        | Killed an elephant
  1361 | D        | Killed an elephant
  1362 | D        | Reached XP level 11. HP: 64/121 MP: 10/10
  1759 | D        | Noticed an orc knight
  1759 | D        | Noticed an orc high priest
  1764 | D        | Noticed an orc sorcerer
  1766 | D        | Killed an orc high priest
  1768 | D        | Noticed an orc sorcerer
  1774 | D        | Killed an orc knight
  1782 | D        | Noticed an orc knight
  1789 | D        | Killed an orc sorcerer
  1796 | D        | Killed an orc sorcerer
  1808 | D        | Killed an orc knight
  1808 | D        | Reached ****** piety under Okawaru
  1819 | D        | Received a gift from Okawaru
  2088 | D        | Found Henludo's Jewellery Boutique.
  2088 | D        | Noticed an orc sorcerer
  2088 | D        | Noticed an orc sorcerer
  2088 | D        | Noticed an orc sorcerer
  2088 | D        | Noticed an orc sorcerer
  2089 | D        | Killed an orc sorcerer
  2090 | D        | Noticed an orc sorcerer
  2094 | D        | Killed an orc sorcerer
  2095 | D        | Found Botiaz's General Store.
  2095 | D        | Noticed an orc sorcerer
  2097 | D        | Killed an orc sorcerer
  2098 | D        | Reached skill level 15 in Armour
  2107 | D        | Paralysed by an orc sorcerer for 7 turns
  2115 | D        | Killed an orc sorcerer
  2118 | D        | Killed an orc sorcerer
  2127 | D        | Found Mest's General Store.
  2128 | D        | Paralysed by an orc sorcerer for 6 turns
  2131 | D        | Killed from afar by an orc sorcerer

Illustrated notes

Levels and vault maps discovered:
D:        linesprint [early_d, line_temple, items_1, d_10, items_2, lair_1,
          lair_end, items_3, orc_1, orc_end, items_4, d_15, swamp_1, shoals_1,
          snake_1, spider_1, d_20, vaults_1, items_5, swamp_end, shoals_end,
          snake_end, spider_end, vaults_end, d_27, items_6, zot_1, zot_end,
          crypt_end, forest_end, elf_end, slime_end, tomb_end, abyss_end,
          pan_hell_end]

Skill      XL: |  1  2  3  4  5  6  7  8  9 10 11 |
---------------+----------------------------------+-----
Fighting       | 5 6 9 11 13 14 16 18 20 | 20.7
Maces & Flails | 4 6 9 11 12 14 16 18 20 | 20.4
Dodging        | 1 3 5 7 8 9 10 12 13 | 13.5
Armour         | 4 5 7 8 9 10 12 13 15 | 15.1
Shields        | |  3.6

Action                   |  1- 3 |  4- 6 |  7- 9 | 10-12 || total
-------------------------+-------+-------+-------+-------++-------
Melee: Flail             |    19 |    14 |       |       ||    33
       Headbutt          |     3 |     5 |    13 |    45 ||    66
       Dire flail        |       |    17 |    50 |    82 ||   149
       Great mace        |       |       |       |   108 ||   108
  Use: Potion            |       |       |     3 |       ||     3
       Scroll            |       |       |     2 |       ||     2
Armor: Scale mail        |     2 |     3 |       |       ||     5
       Chain mail        |       |     6 |    19 |    45 ||    70
Dodge: Dodged            |     7 |    16 |    20 |    55 ||    98
Block: Buckler           |     4 |     3 |       |       ||     7

Table legend: (Time is in decaauts)
 A = Elapsed time spent in this place.
 B = Non-inter-level travel time spent in this place.
 C = Inter-level travel time spent in this place.
 D = Time resting spent in this place.
 E = Time spent auto-exploring this place.
 F = Levels seen in this place.
 G = Mean time per level.
                   A        B        C        D        E       F      G
               +--------+--------+--------+--------+--------+-----+--------+
         Total |   2052 |   2052 |      0 |    942 |    697 |   1 | 2052.0 |
       Dungeon |   2052 |   2052 |      0 |    942 |    697 |   1 | 2052.0 |
               +--------+--------+--------+--------+--------+-----+--------+

Top non-repeatable levels by time:
       D: 2052 daAuts
